 Dungeon Crawl Stone Soup version 0.29-a0-111-gbaf749a769 (webtiles) character file.

Game seed: 15659826274341679608

52 frimble the Chiller (level 3, -1/26 HPs)
             Began as a Gnoll Ice Elementalist on Feb 18, 2022.
             Slain by Sigmund (7 damage)
             ... on level 2 of the Dungeon.
             The game lasted 00:01:27 (1505 turns).

frimble the Chiller (Gnoll Ice Elementalist)        Turns: 1505, Time: 00:01:27

Health: -1/26      AC:  5    Str:  9    XL:     3   Next: 85%
Magic:  6/9        EV: 13    Int: 14    God:
Gold:   68         SH:  0    Dex: 12    Spells: 5/12 levels left

rFire   . . .      SeeInvis .   j - +0 short sword
rCold   . . .      Faith    .   (no shield)
rNeg    . . .      Spirit   .   a - +0 robe
rPois   .          Reflect  .   (no helmet)
rElec   .          Harm     .   (no cloak)
rCorr   .          Rampage  .   h - +2 pair of gloves
Will    .....                   (no boots)
Stlth   ++........              (no amulet)
HPRegen 0.08/turn               (no ring)
MPRegen 0.11/turn               (no ring)

@: freezing walls
A: fangs 1, strong nose, distributed training
a: no special abilities


You were on level 2 of the Dungeon.
You visited 1 branch of the dungeon, and saw 2 of its levels.

You collected 68 gold pieces.

Inventory:

Hand Weapons
 j - a +0 short sword (weapon)
Missiles
 i - 33 stones
Armour
 a - a +0 robe (worn)
 h - a +2 pair of gloves (worn)
Scrolls
 b - a scroll of immolation {unknown}
 f - a scroll of teleportation {unknown}
 k - a scroll of holy word {unknown}
 l - a scroll of vulnerability {unknown}
Potions
 c - a potion of heal wounds {unknown}
 d - a potion of resistance {unknown}
 e - a potion of ambrosia {unknown}
 g - a potion of curing {unknown}


   Skills:
 + Level 1.0 Fighting
 + Level 1.0 Short Blades
 + Level 1.0 Long Blades
 + Level 1.0 Axes
 + Level 1.0 Maces & Flails
 + Level 1.0 Polearms
 + Level 1.0 Staves
 + Level 1.0 Slings
 + Level 1.0 Bows
 + Level 1.0 Crossbows
 + Level 1.0 Throwing
 + Level 1.0 Armour
 + Level 4.6 Dodging
 + Level 4.2 Stealth
 + Level 1.0 Shields
 + Level 1.0 Unarmed Combat
 + Level 5.0 Spellcasting
 + Level 0.7 Conjurations
 + Level 0.7 Hexes
 + Level 0.7 Summonings
 + Level 0.7 Necromancy
 + Level 0.7 Translocations
 + Level 0.7 Transmutations
 + Level 0.7 Fire Magic
 + Level 7.1 Ice Magic
 + Level 0.7 Air Magic
 + Level 0.7 Earth Magic
 + Level 0.7 Poison Magic
 + Level 1.0 Invocations
 + Level 1.0 Evocations


You had 5 spell levels left.
You knew the following spells:

 Your Spells              Type           Power      Damage    Failure   Level
a - Freeze                Ice            92%        1d10      1%          1
b - Frozen Ramparts       Ice            46%        1d6       2%          3
c - Ozocubu's Armour      Ice            23%        N/A       2%          3

Your spell library contained the following spells:

 Spells                   Type           Power      Damage    Failure   Level
 Hailstorm                Conj/Ice       14%        3d5       34%         4


Dungeon Overview and Level Annotations

Branches:
Dungeon (2/15)

Altars:

Annotations:
D:2 Sigmund


Innate Abilities, Weirdness & Mutations

You have very sharp teeth.
Your uncanny sense of smell can sniff out nearby items.
Your experience applies equally to all skills.


Message History

Casting: Freeze (safe; 1% risk of failure)
Confirm with . or Enter, or press ? or * to list all spells.
Casting: Frozen Ramparts (dangerous; 2% risk of failure)
Press: ? - help, Dir - look around, f - activate The walls around you are covered in ice.
The wall freezes the jackal.
The wall freezes the ball python.
The ball python seems to slow down.
The wall freezes the jackal. x2
The wall freezes the ball python.
You kill the ball python!
You hit the jackal.
You kill the jackal!
The wall freezes the jackal. x2
You kill the jackal!
The wall freezes the jackal.
You kill the jackal!
Your Fighting skill increases to level 1!
Your Short Blades skill increases to level 1!
Your Long Blades skill increases to level 1!
Your Axes skill increases to level 1!
Your Maces & Flails skill increases to level 1!
Your Polearms skill increases to level 1!
Your Staves skill increases to level 1!
Your Slings skill increases to level 1!
Your Bows skill increases to level 1!
Your Crossbows skill increases to level 1!
Your Throwing skill increases to level 1!
Your Armour skill increases to level 1!
Your Shields skill increases to level 1!
Your Unarmed Combat skill increases to level 1!
Your Evocations skill increases to level 1!
Your frozen ramparts will break if you move.
Continue?
Okay, then.
The wall freezes something.
Something hits you.
* * * LOW HITPOINT WARNING * * *
The wall freezes the hobgoblin.
You barely miss the hobgoblin. Your bite misses the hobgoblin.
The hobgoblin is almost dead.
The wall freezes the hobgoblin.
You kill the hobgoblin!
The wall freezes something.
Something hits you!
You die...

########+# #...........
...........###...........
...........#.............
...........#.#.........>.........
.............#.....##)..........#
...................# ..........#
..<.............†..# ..........#
.....<........##†### ..........
...............†@# .<.........##
.................###...........##
.................#...............
......####.......#............###
......##.........#.....######.# #
......##.........#.........##.###
...............###.....###.....##
............................#....
............................#.###


There were no monsters in sight!

Vanquished Creatures
  Jessica (D:2)
  3 endoplasms
  A giant cockroach (D:2)
  4 hobgoblins
  6 jackals (D:2)
  2 ball pythons
  2 bats (D:2)
  A frilled lizard (D:1)
  3 kobolds (D:2)
  2 rats (D:2)
25 creatures vanquished.

Notes
Turn   | Place    | Note
-------+----------+-------------------------------------------
     0 | D:1      | frimble the Gnoll Ice Elementalist began the quest for the
                  | Orb.
     0 | D:1      | Reached XP level 1. HP: 13/13 MP: 6/6
   383 | D:1      | Found a faded altar of an unknown god.
   834 | D:2      | Reached XP level 2. HP: 13/19 MP: 4/7
  1085 | D:2      | Noticed Jessica
  1104 | D:2      | Killed Jessica
  1105 | D:2      | Reached skill level 5 in Spellcasting
  1105 | D:2      | Reached skill level 1 in Invocations
  1105 | D:2      | Reached XP level 3. HP: 16/25 MP: 5/9
  1237 | D:2      | Learned a level 3 spell: Frozen Ramparts
  1241 | D:2      | Learned a level 3 spell: Ozocubu's Armour
  1491 | D:2      | Noticed Sigmund
  1504 | D:2      | Reached skill level 1 in Fighting
  1504 | D:2      | Reached skill level 1 in Short Blades
  1504 | D:2      | Reached skill level 1 in Long Blades
  1504 | D:2      | Reached skill level 1 in Axes
  1504 | D:2      | Reached skill level 1 in Maces & Flails
  1504 | D:2      | Reached skill level 1 in Polearms
  1504 | D:2      | Reached skill level 1 in Staves
  1504 | D:2      | Reached skill level 1 in Slings
  1504 | D:2      | Reached skill level 1 in Bows
  1504 | D:2      | Reached skill level 1 in Crossbows
  1504 | D:2      | Reached skill level 1 in Throwing
  1504 | D:2      | Reached skill level 1 in Armour
  1504 | D:2      | Reached skill level 1 in Shields
  1504 | D:2      | Reached skill level 1 in Unarmed Combat
  1504 | D:2      | Reached skill level 1 in Evocations
  1505 | D:2      | Slain by Sigmund

Illustrated notes

Levels and vault maps discovered:
D:1:      psy_arrival_dodecagon, layout_rooms, ebering_ecumenical_altar_mist
D:2:      layout_basic, uniq_sigmund, uniq_jessica

Skill      XL: |  1  2  3 |
---------------+----------+-----
Spellcasting   | 5 |  5.0
Invocations    | 1 |  1.0
Fighting       | 1 |  1.0
Short Blades   | 1 |  1.0
Long Blades    | 1 |  1.0
Axes           | 1 |  1.0
Maces & Flails | 1 |  1.0
Polearms       | 1 |  1.0
Staves         | 1 |  1.0
Slings         | 1 |  1.0
Bows           | 1 |  1.0
Crossbows      | 1 |  1.0
Throwing       | 1 |  1.0
Armour         | 1 |  1.0
Shields        | 1 |  1.0
Unarmed Combat | 1 |  1.0
Evocations     | 1 |  1.0
Dodging        | |  4.6
Stealth        | |  4.2
Conjurations   | |  0.7
Hexes          | |  0.7
Summonings     | |  0.7
Necromancy     | |  0.7
Translocations | |  0.7
Transmutations | |  0.7
Fire Magic     | |  0.7
Ice Magic      | |  7.1
Air Magic      | |  0.7
Earth Magic    | |  0.7
Poison Magic   | |  0.7

Action                   || total
-------------------------++-------
Melee: Unarmed           ||    35
       Bite              ||     7
       Short sword       ||    36
 Cast: Freeze            ||    19
       Frozen Ramparts   ||     1
 Stab: Sleeping          ||     2
Armor: Robe              ||    47
Dodge: Dodged            ||    87

Table legend: (Time is in decaauts)
 A = Elapsed time spent in this place.
 B = Non-inter-level travel time spent in this place.
 C = Inter-level travel time spent in this place.
 D = Time resting spent in this place.
 E = Time spent auto-exploring this place.
 F = Levels seen in this place.
 G = Mean time per level.
                   A        B        C        D        E       F      G
               +--------+--------+--------+--------+--------+-----+--------+
         Total |   1507 |   1429 |     78 |      0 |   1207 |   2 |  753.5 |
       Dungeon |   1507 |   1429 |     78 |      0 |   1207 |   2 |  753.5 |
               +--------+--------+--------+--------+--------+-----+--------+

Top non-repeatable levels by time:
     D:1: 794 daAuts
     D:2: 713 daAuts
